 Dungeon Crawl Stone Soup version 0.24-a0-203-gf0bc1e9 (webtiles) character file.

Game seed: 15171071028009887261

14707 Borgoz the Slicer (level 12, -2/75 HPs)
             Began as a Kobold Gladiator on Mar 26, 2019.
             Was a Priest of Ashenzari.
             Slain by a fire elemental (12 damage)
             ... on level 12 of the Dungeon.
             The game lasted 00:23:31 (12699 turns).

Borgoz the Slicer (Kobold Gladiator)               Turns: 12699, Time: 00:23:31

Health: -2/75      AC: 11    Str: 12    XL:     12   Next: 48%
Magic:  18/18      EV: 22    Int: 10    God:    Ashenzari [***...]
Gold:   655        SH:  0    Dex: 20    Spells: 19/19 levels left

rFire    . . .     SeeInvis +   a - +2 dagger (elec) (curse)
rCold    . . .     Gourm    .   (shield restricted)
rNeg     . . .     Faith    .   H - +0 troll leather armour
rPois    .         Spirit   .   c - +1 helmet
rElec    .         Reflect  .   z - +1 cloak {+Inv}
rCorr    .         Harm     .   (no gloves)
MR       +....                  (no boots)
Stlth    +++++.....             (no amulet)
HPRegen  0.62/turn              i - ring of protection from magic (curse)
MPRegen  0.16/turn              e - +1 ring of protection

@: no status effects
A: small, carnivore
a: Curse Item, Scrying, Renounce Religion, Evoke Invisibility


You were on level 12 of the Dungeon.
You worshipped Ashenzari.
Ashenzari was most pleased with you.
You were completely stuffed.

You visited 2 branches of the dungeon, and saw 13 of its levels.

You collected 655 gold pieces.

Inventory:

Hand Weapons
 a - a cursed +2 dagger of electrocution (weapon)
 j - a +0 rapier
 m - a +0 rapier
 v - a +2 short sword of speed
 y - a +3 quarterstaff of chaos
 G - a +0 dagger of speed
 L - a +0 dagger of electrocution
Missiles
 d - 3 throwing nets (quivered)
 l - 16 tomahawks
Armour
 c - a +1 helmet (worn)
 z - a +1 cloak of invisibility (worn)
 H - a +0 troll leather armour (worn)
Jewellery
 e - a +1 ring of protection (right hand)
 i - a cursed ring of protection from magic (left hand)
 B - an uncursed ring of magical power
Wands
 q - a wand of disintegration (6)
 u - a wand of random effects (19)
 D - a wand of polymorph (5)
Scrolls
 g - 2 scrolls of random uselessness {unknown}
 h - 7 scrolls of remove curse
 k - a scroll of magic mapping {unknown}
 n - 5 scrolls of teleportation
 p - 3 scrolls of enchant armour
 r - a scroll of fear
 t - a scroll of holy word {unknown}
 w - a scroll of blinking {unknown}
 E - 2 scrolls of enchant weapon
 F - a scroll of amnesia {unknown}
 I - 2 scrolls of identify
Potions
 b - a potion of might
 o - 2 potions of lignification
 s - 2 potions of brilliance
 x - 4 potions of haste
 C - a potion of invisibility
 J - a potion of flight {unknown}
Comestibles
 f - 31 rations
 K - 4 chunks of flesh


   Skills:
 + Level 8.5 Fighting
 + Level 10.4(13.1) Short Blades
 - Level 5.0 Throwing
 * Level 8.7 Armour
 + Level 9.4 Dodging
 + Level 10.3 Stealth
 + Level 4.4 Spellcasting
 - Level 5.0 Evocations


You had 19 spell levels left.
You didn't know any spells.
Your spell library contained the following spells:

 Spells                   Type           Power        Failure   Level  Hunger
 Beastly Appendage        Tmut           #.....       30%         1    #......
 Sandblast                Erth           #.....       30%         1    #......
 Passwall                 Tmut/Erth      #.......     41%         2    ##.....
 Sticks to Snakes         Tmut           #.......     41%         2    ##.....
 Spider Form              Tmut/Pois      #.........   65%         3    ###....
 Stone Arrow              Conj/Erth      #.....       65%         3    ###....
 Ice Form                 Ice/Tmut       #.......     96%         4    #####..
 Petrify                  Tmut/Erth      #.......     96%         4    #####..
 Blade Hands              Tmut           #.........   100%        5    ######.
 Lee's Rapid Deconstruct  Erth           #.........   100%        5    ######.


Dungeon Overview and Level Annotations

Branches:
Dungeon (12/15)            Temple (1/1) D:5            Lair (0/6) D:11
    Orc: D:9-12

Altars:
Ashenzari
Cheibriados
Dithmenos
Elyvilon
Fedhas
Gozag
Hepliaklqana
Kikubaaqudgha
Makhleb
Nemelex Xobeh
Okawaru
Qazlal
Ru
Sif Muna
Trog
Uskayaw
Vehumet
Wu Jian
Xom
Yredelemnul
Zin
The Shining One

Shops:
D:8 (


Innate Abilities, Weirdness & Mutations

You are small and have problems with some larger weapons.
You are carnivorous and can eat meat at any time.


Message History

The fire elemental is heavily damaged.
The fire elemental barely misses you.
You hit the fire elemental.
The fire elemental is heavily damaged.
The fire elemental misses you.
Evoke which item? (* to show all) (? for menu, Esc to quit)
Okay, then.
Unknown command.
You hit the fire elemental.
The fire elemental is severely damaged.
You hit the fire elemental.
The fire elemental is severely damaged.
The fire elemental hits you.
* * * LOW HITPOINT WARNING * * *
The fire elemental burns you!
* * * LOW HITPOINT WARNING * * *
You hit the fire elemental.
The fire elemental is severely damaged.
The fire elemental hits you. The fire elemental burns you!
You die...

...........#≈...≈§$§≈...≈#
.>.........#≈...≈≈.≈≈...≈#
...........#≈≈....≈....§≈#
#####.######≈§§...°...≈≈≈#
####.# #§≈≈≈..°.§≈≈§§#
#....# #§§§≈≈≈Z≈§≈≈§§#
#.#### #######○#######
##'###############.#
................@EZ#
###########...######
..........#...#
..[....#..#...#
......[#).#...#
).)....)).....#
#!..)..)).#...#
....).....#####
..........#


You could see a fire elemental and a centaur warrior skeleton.

Vanquished Creatures
  A hydra (D:11)
  2 two-headed ogres
  A tengu warrior (D:11)
  3 unseen horrors
  An ugly thing (D:11)
  A centaur zombie (D:12)
  4 trolls
  A hornet (D:9)
  2 hippogriffs (D:10)
  9 yaks
  2 wyverns
  2 humans (D:9)
  A steam dragon (D:11)
  Edmund (D:6)
  A water moccasin (D:8)
  A swamp drake (D:12)
  6 orc warriors
  A sky beast (D:9)
  2 black bears
  2 ice beasts
  2 phantoms
  2 necrophages
  14 centaurs
  5 ogres
  4 bullfrogs
  A big kobold (D:11)
  3 wyvern skeletons
  9 killer bees
  17 wights
  A howler monkey (D:10)
  2 crimson imps
  A quasit (D:9)
  Crazy Yiuf (D:6)
  A centaur skeleton (D:5)
  4 hounds
  A jelly (D:6)
  15 orc wizards
  10 orc priests
  A bullfrog skeleton (D:6)
  An iguana (D:4)
  10 worker ants
  A hound zombie (D:10)
  2 hound skeletons
  2 gnolls (D:11)
  2 worker ant zombies
  11 adders
  5 shadow imps
  2 oozes
  An adder zombie (D:8)
  2 adder skeletons
  4 worms
  4 dart slugs
  6 leopard geckos
  49 orcs
  3 ball pythons
  6 giant cockroaches
  5 goblins
  9 hobgoblins
  12 jackals
  10 kobolds
  4 quokkas
  8 bats
  9 frilled lizards
  A jackal zombie (D:6)
  A quokka skeleton (D:6)
  3 quokka zombies
  16 rats
327 creatures vanquished.

Vanquished Creatures (others)
  A bullfrog skeleton (D:12)
  2 gnolls (D:11)
3 creatures vanquished.

Grand Total: 330 creatures vanquished

Notes
Turn   | Place    | Note
-------+----------+-------------------------------------------
     0 | D:1      | Borgoz the Kobold Gladiator began the quest for the Orb.
     0 | D:1      | Reached XP level 1. HP: 12/12 MP: 1/1
   264 | D:1      | Reached XP level 2. HP: 13/17 MP: 2/2
   346 | D:1      | Reached skill level 1 in Stealth
   458 | D:1      | Reached XP level 3. HP: 20/22 MP: 3/3
   500 | D:1      | Reached skill level 1 in Armour
   792 | D:1      | You fall through a shaft!
  1323 | D:2      | Found a sacrificial altar of Ru.
  1396 | D:2      | Reached XP level 4. HP: 25/27 MP: 4/4
  2033 | D:3      | Reached XP level 5. HP: 24/31 MP: 5/5
  2753 | D:3      | Found a glowing silver altar of Zin.
  2803 | D:4      | Noticed an ogre
  2812 | D:4      | Killed an ogre
  2812 | D:4      | Reached skill level 5 in Short Blades
  2812 | D:4      | Reached XP level 6. HP: 37/37 MP: 6/6
  2919 | D:4      | Noticed an ogre
  2929 | D:4      | Killed an ogre
  3034 | D:4      | Reached XP level 7. HP: 35/41 MP: 7/7
  3074 | D:4      | Found an ornate altar of the Wu Jian Council.
  3581 | D:5      | Entered Level 5 of the Dungeon
  3889 | D:5      | Found an opulent altar of Gozag.
  3927 | D:5      | Reached skill level 5 in Dodging
  4018 | D:5      | Found a shattered altar of Ashenzari.
  4026 | D:5      | Became a worshipper of Ashenzari the Shackled
  4112 | D:5      | Found a staircase to the Ecumenical Temple.
  4137 | Temple   | Entered the Ecumenical Temple
  4427 | D:5      | Reached XP level 8. HP: 48/48 MP: 8/8
  4584 | D:5      | Identified the cursed +3 mace of Heguf {venom, +Inv +Fly
                  | Int+4} (You found it on level 5 of the Dungeon)
  4866 | D:6      | Reached skill level 1 in Evocations
  4882 | D:6      | Found a runed translucent door.
  4883 | D:6      | Noticed Crazy Yiuf
  5078 | D:6      | Reached * piety under Ashenzari
  5202 | D:6      | Noticed Edmund
  5208 | D:6      | Killed Edmund
  5208 | D:6      | Reached skill level 5 in Stealth
  5350 | D:6      | Reached XP level 9. HP: 53/53 MP: 10/10
  5736 | D:6      | Found a hazy altar of Hepliaklqana.
  6339 | D:6      | Killed Crazy Yiuf
  6399 | D:7      | Found a stormy altar of Qazlal.
  6432 | D:7      | Reached skill level 5 in Fighting
  6485 | D:7      | Reached skill level 5 in Throwing
  6570 | D:7      | Reached skill level 5 in Armour
  7522 | D:8      | Reached XP level 10. HP: 60/60 MP: 12/12
  7565 | D:8      | Found a burning altar of Makhleb.
  7669 | D:8      | Found a hide-covered altar of Uskayaw.
  7724 | D:8      | Found Jouqudic's Weapon Shoppe.
  7753 | D:8      | Reached ** piety under Ashenzari
  7862 | D:8      | Found a radiant altar of Vehumet.
  7862 | D:8      | Noticed a two-headed ogre
  7868 | D:8      | Killed a two-headed ogre
  8049 | D:9      | Reached skill level 5 in Evocations
  8283 | D:9      | Found an iron altar of Okawaru.
  8592 | D:9      | Identified the +2 flail of the Briny Deep {crush, rElec
                  | Str+3}
  8718 | D:9      | Found an ancient bone altar of Kikubaaqudgha.
  8795 | D:9      | Reached skill level 1 in Spellcasting
  9082 | D:10     | Entered Level 10 of the Dungeon
  9124 | D:10     | Reached XP level 11. HP: 64/66 MP: 14/14
  9890 | D:10     | Killed an unseen horror
 10615 | D:10     | Reached *** piety under Ashenzari
 10809 | D:11     | Found a staircase to the Lair.
 10822 | D:11     | Noticed a two-headed ogre
 10837 | D:11     | Killed a two-headed ogre
 11231 | D:11     | Noticed a five-headed hydra
 11249 | D:11     | Killed a five-headed hydra
 11478 | D:11     | Noticed a red ugly thing
 11490 | D:11     | Killed a cyan ugly thing
 11741 | D:11     | Reached XP level 12. HP: 66/73 MP: 17/17
 11979 | D:11     | Noticed a tengu warrior
 11983 | D:11     | Killed a tengu warrior
 11983 | D:11     | Reached skill level 10 in Short Blades
 12331 | D:12     | Reached skill level 10 in Stealth
 12345 | D:12     | Noticed an unseen horror
 12352 | D:12     | Killed an unseen horror
 12567 | D:12     | Noticed an unseen horror
 12581 | D:12     | Killed an unseen horror
 12699 | D:12     | Slain by a fire elemental

Levels and vault maps discovered:
D:1:      enne_arrival_octagon_isle, layout_basic, serial_forest,
          infiniplex_forest_clump_diagonal, infiniplex_forest_straight_2,
          infiniplex_forest_zigzag_2, infiniplex_forest_straight_2,
          infiniplex_forest_end_1, infiniplex_forest_clump_small
D:2:      layout_rooms, nicolae_ru_sacrificial_ziggurat, first_ration,
          minmay_tromino_v7
D:3:      layout_basic, zin_scriptorium, gup_sewer_entry_bowl
D:4:      layout_cave_pods, kennysheep_mini
D:5:      layout_loops_corners, marbit_many_paths, cheibrodos_ashenzari_chains,
          minmay_temple_entry_sparse_star
D:6:      layout_layer_cave, lemuel_crystal_altar,
          chequers_serial_rivers_micro_d, uniq_crazy_yiuf_cottage, uniq_edmund
D:7:      layout_basic, grunt_qazlal_sundering
D:8:      layout_cave_pools, vehumet_crystals, eat_drink_and_be_merry_uskayaw,
          kennysheep_little_box, serial_shops, shop
D:9:      layout_roguey, okawaru_humans, nicolae_overflow_hidden_temple
D:10:     layout_roguey, serial_glass, glass_columns_b, glass_columns_b
D:11:     layout_stronghold, dpeg_oklobed_lair, amethyst_killhole,
          grunt_tengu_nest
D:12:     layout_roguey, erik_orc_1, minmay_misc_feat_nine_boxes,
          kennysheep_generic_room_2
Temple:   cyrus_temple_forest

Skill      XL: |  1  2  3  4  5  6  7  8  9 10 11 12 |
---------------+-------------------------------------+-----
Stealth        | 1 2 3 4 5 6 8 9 10 | 10.3
Armour         | 1 2 3 4 5 6 8 |  8.7
Dodging        | 4 5 6 7 8 9 |  9.4
Fighting       | 3 4 5 6 7 8 |  8.5
Short Blades   | 5 6 7 8 9 10 | 10.4
Throwing       | 3 4 5 |  5.0
Evocations     | 2 3 5 |  5.0
Spellcasting   | 1 3 4 |  4.4

Action                   |  1- 3 |  4- 6 |  7- 9 | 10-12 || total
-------------------------+-------+-------+-------+-------++-------
Melee: Rapier            |   137 |   103 |       |       ||   240
       Dagger            |       |    52 |   359 |   645 ||  1056
Throw: Throwing net      |       |     2 |       |       ||     2
Invok: Curse Item        |       |       |     2 |       ||     2
 Abil: Evoke Invisibilit |       |       |       |     2 ||     2
Evoke: Wand              |       |       |     3 |     3 ||     6
  Use: Scroll            |       |     9 |     4 |     2 ||    15
       Potion            |       |       |     2 |     3 ||     5
 Stab: Sleeping          |     2 |     9 |    10 |    22 ||    43
       Held in net/web   |       |     1 |       |       ||     1
       Distracted        |       |       |     1 |       ||     1
       Paralysed         |       |       |     1 |     3 ||     4
       Invisible         |       |       |       |    10 ||    10
  Eat: Chunk             |     9 |     6 |    14 |    18 ||    47
Armor: Leather armour    |    20 |    18 |    53 |    38 ||   129
       Troll leather arm |       |       |       |    29 ||    29
Dodge: Dodged            |   143 |    95 |   219 |   430 ||   887

Table legend:
 A = Non-vault XP
 B = Vault XP
 C = Vault XP percentage of total XP
 D = Non-vault monster count
 E = Vault monster count
 F = Vault count percentage of total count
                 A         B        C        D         E       F
            +---------+---------+-------+---------+---------+-------
      Total |   18991 |    2019 |   9.6 |     301 |      26 |   8.0
            +---------+---------+-------+---------+---------+-------
        D:1 |      47 |       0 |   0.0 |      31 |       0 |   0.0
        D:2 |      59 |      14 |  19.2 |      20 |       2 |   9.1
        D:3 |      97 |       9 |   8.5 |      23 |       3 |  11.5
        D:4 |     425 |       0 |   0.0 |      18 |       0 |   0.0
        D:5 |     452 |       0 |   0.0 |      22 |       0 |   0.0
        D:6 |     908 |     213 |  19.0 |      25 |       2 |   7.4
        D:7 |     995 |       0 |   0.0 |      24 |       0 |   0.0
        D:8 |    1835 |       0 |   0.0 |      21 |       0 |   0.0
        D:9 |    2142 |     374 |  14.9 |      25 |       2 |   7.4
       D:10 |    2900 |       0 |   0.0 |      34 |       0 |   0.0
       D:11 |    5613 |     835 |  12.9 |      43 |       1 |   2.3
       D:12 |    3518 |     574 |  14.0 |      15 |      16 |  51.6
            +---------+---------+-------+---------+---------+-------
